 Dungeon Crawl Stone Soup version 0.20.0-15-g7f486f2 (webtiles) character file.

35705 MTVSty1e the Severer (level 13, -6/78 HPs)
             Began as a Gargoyle Fighter on June 10, 2017.
             Was a High Priest of Okawaru.
             Mangled by a death yak (18 damage)
             ... on level 5 of the Lair of Beasts on June 11, 2017.
             The game lasted 00:34:11 (17262 turns).

MTVSty1e the Severer (Gargoyle Fighter)            Turns: 17262, Time: 00:34:11

Health: -6/78      AC: 34    Str: 25    XL:     13   Next: 85%
Magic:  6/6        EV: 14    Int:  9    God:    Okawaru [*****.]
Gold:   511        SH: 11    Dex:  9    Spells: 12/12 levels left

rFire    . . .     SeeInvis .   B - +2 war axe (antimagic)
rCold    + . .     Gourm    .   c - +0 shield
rNeg     + . .     Faith    .   I - +3 ring mail {rC+}
rPois    ∞         Spirit   .   K - +2 helmet
rElec    +         Reflect  .   D - +1 cloak {+Inv}
rCorr    .         Harm     .   P - +0 pair of gloves
MR       .....                  X - +2 pair of boots
Stlth    ++........             (no amulet)
Regen    0.3/turn               y - ring of flight
MPRegen  0.1/turn               v - +3 ring of protection

@: heroism
A: negative energy resistance 1, electricity resistance, unbreathing,
petrification resistance, rot immunity, AC +9
a: Heroism, Finesse, Renounce Religion, Evoke Invisibility, Evoke Flight


You were on level 5 of the Lair of Beasts.
You worshipped Okawaru.
Okawaru was extremely pleased with you.
You were not hungry.

You visited 3 branches of the dungeon, and saw 17 of its levels.
You also visited: Sewer.

You collected 667 gold pieces.
You spent 156 gold pieces at shops.

Inventory:

Hand Weapons
 n - a +2 hand axe of flaming
 B - a +2 antimagic war axe (weapon)
Armour
 c - a +0 shield (worn)
 f - a +1 plate armour
 D - a +1 cloak of invisibility (worn)
 I - a +3 ring mail of cold resistance (worn)
 K - a +2 helmet (worn)
 P - a +0 pair of gloves (worn)
 X - a +2 pair of boots (worn)
 Y - a +1 hat
Jewellery
 v - a +3 ring of protection (right hand)
 y - a ring of flight (left hand)
Wands
 e - a wand of flame (19/48)
 x - a wand of disintegration (7/24)
 E - a wand of polymorph (24/24)
 N - a wand of iceblast (5/15)
 S - a wand of enslavement (9/24)
Scrolls
 d - 4 scrolls of teleportation
 j - 8 scrolls of remove curse
 l - 2 scrolls of magic mapping
 r - a scroll of fog
 G - 3 scrolls of identify
 J - a scroll of fear
 O - 2 scrolls of blinking
 U - a scroll of recharging
 V - 5 scrolls of enchant weapon
Potions
 g - 2 potions of brilliance
 i - 2 potions of magic
 k - 3 potions of flight
 p - 8 potions of curing
 q - 7 potions of mutation
 s - 2 potions of might
 u - 5 potions of heal wounds
 w - a potion of berserk rage
 z - a potion of ambrosia
 A - 2 potions of cancellation
 C - 2 potions of resistance
 F - a potion of haste
 R - a potion of invisibility
Miscellaneous
 h - a crystal ball of energy
Comestibles
 m - 10 meat rations
 o - 17 royal jellies


   Skills:
 + Level 7.9(12.9) Fighting
 * Level 16.2(21.2) Axes
 + Level 8.1(13.1) Armour
 + Level 4.8(9.8) Dodging
 - Level 3.2(8.2) Shields
 * Level 10.1 Invocations
 + Level 0.1 Evocations


You had 12 spell levels left.
You didn't know any spells.

Dungeon Overview and Level Annotations

Branches:
Dungeon (11/15)            Temple (1/1) D:7            Lair (5/6) D:11
 Shoals (0/4) Lair:3        Snake (0/4) Lair:2
  Slime: Lair:5-6       Orc: D:9-12

Altars:
Ashenzari
Elyvilon
Fedhas
Gozag
Hepliaklqana
Kikubaaqudgha
Makhleb
Nemelex Xobeh
Okawaru
Qazlal
Ru
Sif Muna
Trog
Uskayaw
Vehumet
Xom
Yredelemnul
Zin

Shops:
D:5 *

Annotations:
D:3 Kenran's ghost, amateur BaWn
D:7 exclusion: statue
Lair:3 exclusion: oklob plant


Innate Abilities, Weirdness & Mutations

You are resistant to torment.
Your stone body is resilient. (AC +9)
You are immune to poison.
You resist negative energy. (rN+)
You are resistant to electric shocks. (rElec)
You can survive without breathing.
You are immune to petrification.
You are immune to rotting.


Message History

You hit the death yak but do no damage.
The death yak is severely wounded.
You slash the death yak! You hit the death yak but do no damage.
You hit the death yak. x2; The death yak misses you.
The death yak gores you.
* * * LOW HITPOINT WARNING * * *
The death yak barely misses you. The death yak completely misses you.
The death yak gores you but does no damage.
You slash the death yak!
The death yak is almost dead.
You hit the death yak. You slash the death yak!
You hit the death yak but do no damage. You hit the death yak.
The death yak gores you.
* * * LOW HITPOINT WARNING * * *
The death yak gores you.
* * * LOW HITPOINT WARNING * * *
The death yak barely misses you. Magic courses through your body.
The death yak gores you but does no damage.
The death yak gores you!!
You die...

.P. ........>.....÷ ##.#
#.###.............÷
#.#.##...#P.............
.......................†
........................
...>....................
.#........?.............
#.....Y.................
#....Y@Y)..............
#.....Y.Y...............
#.......................
........................
........................
...........(............
.....#..................
...#..#...##...........


You could see 5 death yaks.

Vanquished Creatures
  Gastronok (Lair:1)
  Kirke (Lair:4)
  Harold (Lair:1)
  3 hydras
  Erica (D:8)
  4 death yaks
  4 two-headed ogres
  An unseen horror (Lair:1)
  Joseph (D:8)
  2 black mambas
  9 spiny frogs
  A rime drake (Lair:4)
  5 komodo dragons
  A centaur skeleton (D:10)
  A queen bee (Lair:4)
  A hornet (D:8)
  3 meliai (Lair:4)
  A polar bear (Lair:2)
  Prince Ribbit (D:8)
  A troll (D:10)
  20 blink frogs
  2 dream sheep (D:9)
  4 hippogriffs
  3 wyverns
  14 yaks
  2 basilisks
  5 hogs (Lair:4)
  Menkaure (D:7)
  3 nagas (Lair:2)
  A soldier ant (D:11)
  4 water moccasins
  4 porcupines
  Purgy (Sewer)
  A hornet zombie (D:10)
  2 ice beasts (D:10)
  3 black bears
  A sky beast (D:9)
  6 ogres
  2 necrophages (D:8)
  5 centaurs
  9 wolves
  4 crocodiles
  3 big kobolds (D:9)
  Blork the orc (D:5)
  11 bullfrogs
  An elf skeleton (D:8)
  A wyvern zombie (D:10)
  A water moccasin zombie (D:9)
  A scorpion (D:8)
  23 killer bees
  7 wights
  A howler monkey (D:8)
  3 crimson imps
  A centaur zombie (D:6)
  A quasit (D:11)
  2 jellies
  5 hounds
  A human zombie (D:8)
  2 bullfrog skeletons
  7 orc priests
  4 human skeletons (D:8)
  An iguana (D:10)
  11 orc wizards
  15 worker ants
  A hound zombie (D:8)
  2 worker ant zombies
  11 gnolls
  9 adders
  2 shadow imps
  3 oozes
  2 adder zombies
  2 adder skeletons
  A worm (D:4)
  4 dart slugs
  7 leopard geckos
  40 orcs
  5 bats
  6 giant cockroaches (D:4)
  3 hobgoblins
  25 jackals
  10 kobolds
  5 quokkas
  A ball python (Sewer)
  11 frilled lizards
  11 goblins
  A jackal skeleton (D:5)
  A leopard gecko skeleton (D:5)
  A leopard gecko zombie (D:8)
  An orc zombie (D:8)
  5 rats
  A fungus (Lair:4)
  6 plants
420 creatures vanquished.

Vanquished Creatures (others)
  A human (D:2)
  2 fungi (Lair:4)
  4 plants
7 creatures vanquished.

Grand Total: 427 creatures vanquished

Notes
Turn   | Place    | Note
-------+----------+-------------------------------------------
     0 | D:1      | MTVSty1e the Gargoyle Fighter began the quest for the Orb.
     0 | D:1      | Reached XP level 1. HP: 14/14 MP: 1/1
    25 | D:1      | Reached skill level 2 in Axes
   127 | D:1      | Reached XP level 2. HP: 19/19 MP: 2/2
   408 | D:1      | Reached skill level 3 in Axes
   408 | D:1      | Reached XP level 3. HP: 21/23 MP: 3/3
  1351 | D:2      | Found a hide-covered altar of Uskayaw.
  1352 | D:2      | Found a stormy altar of Qazlal.
  1352 | D:2      | Found a blossoming altar of Fedhas.
  1364 | D:2      | Found a hazy altar of Hepliaklqana.
  1479 | D:2      | Reached XP level 4. HP: 28/28 MP: 4/4
  1489 | D:2      | Found an ancient bone altar of Kikubaaqudgha.
  1490 | D:2      | Noticed a human
  1492 | D:2      | Killed a human
  1623 | D:3      | Reached skill level 4 in Axes
  1625 | D:3      | Reached XP level 5. HP: 8/32 MP: 5/5
  1890 | D:3      | Found a white marble altar of Elyvilon.
  1963 | D:3      | Found a basalt altar of Yredelemnul.
  2065 | D:3      | Reached skill level 5 in Axes
  2301 | D:3      | Reached XP level 6. HP: 17/37 MP: 6/6
  2804 | D:3      | Noticed Kenran's ghost (amateur BaWn)
  3089 | D:4      | Found a glowing drain.
  3117 | Sewer    | Entered a sewer
  3153 | Sewer    | Noticed Purgy
  3204 | Sewer    | Killed Purgy
  3204 | Sewer    | Reached skill level 6 in Axes
  3558 | D:4      | Found a burning altar of Makhleb.
  3641 | D:4      | Reached XP level 7. HP: 41/41 MP: 7/7
  3732 | D:4      | Reached skill level 7 in Axes
  4555 | D:5      | Entered Level 5 of the Dungeon
  4746 | D:5      | Noticed Blork the orc
  4765 | D:5      | Killed Blork the orc
  4946 | D:5      | Found a sacrificial altar of Ru.
  4950 | D:5      | Reached skill level 8 in Axes
  4952 | D:5      | Reached XP level 8. HP: 46/46 MP: 8/8
  5023 | D:5      | Found Senipratui's Assorted Antiques.
  5205 | D:5      | Bought a scroll labeled RATAQA ZEGH for 32 gold pieces
  5205 | D:5      | Bought a scroll of identify for 64 gold pieces
  5205 | D:5      | Bought a scroll labeled VUL DYFYEN for 32 gold pieces
  5205 | D:5      | Bought a metallic ruby potion for 28 gold pieces
  5597 | D:6      | Reached skill level 9 in Axes
  6034 | D:6      | Found a shimmering altar of Xom.
  6035 | D:6      | Found a shimmering altar of Xom.
  6036 | D:6      | Found a shimmering altar of Xom.
  6045 | D:6      | You fall through a shaft for 3 floors!
  6189 | D:9      | Reached skill level 10 in Axes
  6380 | D:9      | Reached XP level 9. HP: 51/51 MP: 3/9
  6526 | D:9      | Found a shimmering altar of Xom.
  6613 | D:9      | Reached skill level 11 in Axes
  6849 | D:9      | Noticed a three-headed hydra
  6853 | D:9      | Killed a one-headed hydra
  6853 | D:9      | Reached skill level 12 in Axes
  6853 | D:9      | Reached XP level 10. HP: 43/56 MP: 3/10
  6998 | D:9      | Noticed a two-headed ogre
  7008 | D:9      | Killed a two-headed ogre
  7008 | D:9      | Reached skill level 13 in Axes
  7179 | D:9      | Noticed a two-headed ogre
  7190 | D:9      | Killed a two-headed ogre
  7556 | D:7      | Found a deep blue altar of Sif Muna.
  7571 | D:7      | Noticed Menkaure
  7576 | D:7      | Killed Menkaure
  7580 | D:7      | Found a sparkling altar of Nemelex Xobeh.
  7580 | D:7      | Found an opulent altar of Gozag.
  8301 | D:7      | Found a staircase to the Ecumenical Temple.
  8312 | Temple   | Entered the Ecumenical Temple
  8319 | Temple   | Became a worshipper of Warmaster Okawaru
  8452 | D:7      | Found a glowing silver altar of Zin.
  8452 | D:7      | Noticed an angel
  8549 | D:7      | Found a radiant altar of Vehumet.
  8832 | D:8      | Reached skill level 14 in Axes
  8837 | D:8      | Noticed Joseph
  8860 | D:8      | Killed Joseph
  8897 | D:8      | Reached XP level 11. HP: 43/60 MP: 3/11
  8938 | D:8      | Reached * piety under Okawaru
  9129 | D:8      | Reached skill level 1 in Invocations
  9241 | D:8      | Noticed a two-headed ogre
  9252 | D:8      | Killed a two-headed ogre
  9365 | D:8      | Noticed Prince Ribbit
  9391 | D:8      | Killed Prince Ribbit
  9544 | D:8      | Reached skill level 1 in Dodging
  9617 | D:8      | Noticed Erica
  9634 | D:8      | Killed Erica
  9848 | D:8      | Found a basalt altar of Yredelemnul.
  9938 | D:8      | Reached ** piety under Okawaru
 10038 | D:9      | Noticed a two-headed ogre
 10048 | D:9      | Killed a two-headed ogre
 10387 | D:10     | Entered Level 10 of the Dungeon
 10927 | D:10     | Reached skill level 5 in Armour
 11007 | D:10     | Reached *** piety under Okawaru
 11318 | D:11     | Found a staircase to the Lair.
 11342 | D:11     | Reached skill level 5 in Invocations
 11379 | D:11     | Reached skill level 5 in Fighting
 11596 | Lair:1   | Entered Level 1 of the Lair of Beasts
 11616 | Lair:1   | Killed an unseen horror
 11886 | Lair:1   | Noticed Gastronok
 11908 | Lair:1   | Killed Gastronok
 11908 | Lair:1   | Reached **** piety under Okawaru
 11908 | Lair:1   | Reached skill level 15 in Axes
 11908 | Lair:1   | Reached XP level 12. HP: 55/68 MP: 5/16
 12120 | Lair:1   | Noticed Harold
 12125 | Lair:1   | Reached ***** piety under Okawaru
 12150 | Lair:1   | Killed Harold
 12947 | Lair:2   | Found a staircase to the Snake Pit.
 13556 | Lair:3   | Found a staircase to the Shoals.
 13708 | Lair:3   | Noticed a six-headed hydra
 13718 | Lair:3   | Killed a one-headed hydra
 14138 | Lair:3   | You fall through a shaft!
 14273 | Lair:4   | Found a dark tunnel.
 14346 | Lair:4   | Received a gift from Okawaru
 14456 | Lair:4   | Reached XP level 13. HP: 40/76 MP: 6/19
 14649 | Lair:4   | Noticed Kirke
 14687 | Lair:4   | Killed Kirke
 14761 | Lair:4   | Reached ****** piety under Okawaru
 15946 | Lair:4   | Reached skill level 16 in Axes
 16058 | Lair:4   | Received a gift from Okawaru
 16984 | Lair:5   | Reached skill level 10 in Invocations
 17262 | Lair:5   | Mangled by a death yak

Skill      XL: |  1  2  3  4  5  6  7  8  9 10 11 12 13 |
---------------+----------------------------------------+-----
Axes           | 2 3 4 5 6 8 10 12 14 15 16 | 16.2
Invocations    | 6 8 10 | 10.1
Dodging        | 3 4 |  4.8
Fighting       | 5 6 7 |  7.9
Armour         | 5 6 8 |  8.1
Shields        | |  3.2
Evocations     | |  0.1

Action                   |  1- 3 |  4- 6 |  7- 9 | 10-12 | 13-15 || total
-------------------------+-------+-------+-------+-------+-------++-------
Melee: War axe           |   143 |   232 |   342 |   893 |   360 ||  1970
       Hand axe          |       |       |     3 |    13 |    10 ||    26
Invok: Heroism           |       |       |       |     2 |     3 ||     5
       Finesse           |       |       |       |       |     1 ||     1
Evoke: Wand              |       |       |       |     3 |       ||     3
  Use: Potion            |       |     6 |       |     3 |     4 ||    13
       Scroll            |       |     7 |    10 |    12 |     1 ||    30
  Eat: Bread ration      |     1 |       |     2 |     2 |     1 ||     6
       Meat ration       |       |     1 |       |       |     1 ||     2
       Fruit             |       |       |     1 |    13 |       ||    14
       Chunk             |       |       |     1 |     1 |     1 ||     3
       Royal jelly       |       |       |     1 |     1 |     1 ||     3
Armor: Scale mail        |    60 |       |       |       |       ||    60
       Plate armour      |    17 |   268 |   260 |   658 |   145 ||  1348
       Skin              |       |     3 |       |       |       ||     3
       Ring mail         |       |       |       |       |   103 ||   103
Dodge: Dodged            |    45 |    49 |    52 |   152 |   183 ||   481
Block: Shield            |    86 |   134 |   165 |   335 |   224 ||   944
